 Dungeon Crawl Stone Soup version 0.31.0-11-ge490571c62 (webtiles) character file.

Game seed: 17496997338050668868

910 qw the Shooter (level 7, -5/35 HPs)
             Began as a Spriggan Hunter on Feb 4, 2024.
             Slain by a gargoyle
             ... wielding a +0 mace
              (18 damage)
             ... on level 6 of the Dungeon.
             The game lasted 00:00:48 (4094 turns).

qw the Shooter (Spriggan Hunter)                    Turns: 4094, Time: 00:00:49

Health: -5/35      AC:  4    Str:  7    XL:     7   Next: 81%
Magic:  8/8        EV: 22    Int: 11    God:
Gold:   171        SH:  5    Dex: 20    Spells: 6/6 levels left

rFire   . . .        a - +0 shortbow
rCold   . . .        (shield currently unavailable)
rNeg    . . .        n - +2 robe of Midsummer {Archmagi}
rPois   .            (helmet restricted)
rElec   .            (no cloak)
rCorr   .            (gloves unavailable)
SInv    +            (boots unavailable)
Will    +....        k - amulet of reflection
Stlth   ++           (no ring)
HPRegen 0.25/turn    (no ring)
MPRegen 0.11/turn

%: reflection, archmagi
@: very quick
A: very small, no large weapons, unfitting armour, see invisible, speed 3
a: no special abilities


You were on level 6 of the Dungeon.
You visited 1 branch of the dungeon, and saw 6 of its levels.
You also visited: Sewer.

You collected 324 gold pieces.
You spent 153 gold pieces at shops.


Innate Abilities, Weirdness & Mutations

You are very small and have problems with some larger weapons.
You are too small for most types of armour.
You have supernaturally acute eyesight. (SInv)
You cover ground extremely quickly. (Speed+++)


   Skills:
 - Level 2.4 Fighting
 + Level 7.9 Ranged Weapons
 - Level 7.5 Dodging
 - Level 1.5 Stealth


You had 6 spell levels left.
You didn't know any spells.
Your spell library was empty.

Inventory:

Hand Weapons
 a - a +0 shortbow (weapon)
Armour
 n - the +2 robe of Midsummer (worn) {Archmagi}
   (You found it on level 4 of the Dungeon)

   Archmagi:  It increases the power of your magical spells.
Jewellery
 k - an amulet of reflection (around neck)
Wands
 o - a wand of roots (7)
Scrolls
 c - a scroll of enchant weapon {unknown}
Potions
 b - a potion of resistance {unknown}
 d - 2 potions of enlightenment
 e - a potion of cancellation
 f - a potion of mutation {unknown}
 h - a potion of attraction {unknown}
 i - a potion of curing {unknown}
 j - a potion of lignification {unknown}
 l - a potion of magic {unknown}

Dungeon Overview and Level Annotations

Branches:
Dungeon (6/15)              Sewer (visited)
 Temple: D:4-7

Altars:
Hepliaklqana
Nemelex Xobeh
Ru
Wu Jian

Shops:
D:3 *

Annotations:
D:2 1 runed translucent door, Crazy Yiuf
D:5 2 transporters


Message History

You shoot an arrow.
The arrow hits the gargoyle but does no damage.
The gargoyle is moderately damaged.
The gargoyle closely misses you.
You shoot an arrow.
The arrow hits the gargoyle but does no damage.
The gargoyle is moderately damaged.
You block the gargoyle's attack.
You shoot an arrow. The arrow hits the gargoyle.
The gargoyle is moderately damaged.
The gargoyle completely misses you.
You shoot an arrow.
The arrow hits the gargoyle but does no damage.
The gargoyle is moderately damaged.
The gargoyle hits you with a +0 mace!!
Ouch! That really hurt!
You shoot an arrow.
The arrow completely misses the gargoyle.
The gargoyle completely misses you.
You shoot an arrow. The arrow barely misses the gargoyle.
The gargoyle closely misses you.
You shoot an arrow. The arrow barely misses the gargoyle.
The gargoyle hurls a stone arrow at you.
The stone arrow misses you.
You shoot an arrow. The arrow barely misses the gargoyle.
The gargoyle hurls a stone arrow at you.
The stone arrow misses you.
You shoot an arrow.
The arrow hits the gargoyle but does no damage.
The gargoyle is moderately damaged.
The gargoyle closely misses you.
You shoot an arrow.
The arrow hits the gargoyle but does no damage.
The gargoyle is moderately damaged.
The gargoyle barely misses you.
You shoot an arrow. The arrow hits the gargoyle.
The gargoyle is moderately damaged.
The gargoyle hits you with a +0 mace!!
Ouch! That really hurt!
You die...

....##..# #.#
.#....[##..# #.#
....#.##..# #.#
#..#..##).######.#
#....).>.........#
#
#..##.##..########
.##.#..##.##..##
...............#
#...9@..####.#
###.$#### #.# #..
#.# .... #.# .##.#
#.# # .. ..# .##
### .


You could see a gargoyle.

Vanquished Creatures
  Grinder (D:4)
  An ice beast (D:5)
  A brain worm (Sewer)
  A kobold brigand (Sewer)
  2 scorpions (D:5)
  A bombardier beetle (D:5)
  2 jellies
  4 river rats (Sewer)
  7 adders
  A shadow imp (D:5)
  2 ufetubi (D:5)
  3 dart slugs
  5 ribbon worms
  10 orcs
  6 bats
  13 endoplasms
  A giant cockroach (D:1)
  4 goblins
  9 hobgoblins
  5 jackals
  17 kobolds
  3 quokkas
  18 ball pythons
  3 frilled lizards
  6 rats
126 creatures vanquished.

Notes
Turn   | Place    | Note
-------+----------+-------------------------------------------
     0 | D:1      | qw the Spriggan Hunter began the quest for the Orb.
     0 | D:1      | Reached XP level 1. HP: 10/10 MP: 2/2
     0 | D:1      | 0 ||| qw: Version: 0.3-a-160-g6735b56
     0 | D:1      | 0 ||| qw: Game counter: 6090
     0 | D:1      | 0 ||| qw: Melee chars always use a shield: true
     0 | D:1      | 0 ||| qw: God list: Okawaru
     0 | D:1      | 0 ||| qw: Allow faded altars: false
     0 | D:1      | 0 ||| qw: Do Orc after clearing Dungeon:15 true
     0 | D:1      | 0 ||| qw: Do second Lair branch before Depths: true
     0 | D:1      | 0 ||| qw: Lair rune preference: random
     0 | D:1      | 0 ||| qw: Goals: Normal
     0 | D:1      | 0 ||| PLANNING D:1-11
    43 | D:1      | Reached skill level 3 in Dodging
   145 | D:1      | Reached XP level 2. HP: 14/14 MP: 3/3
   383 | D:1      | Found a faded altar of an unknown god.
   386 | D:1      | 386 ||| READING scroll labelled BOK RAVVYFRE.
   387 | D:1      | 387 ||| READING scroll labelled HIEH FUBUEROFRIMN.
   388 | D:1      | 388 ||| DRINKING 2 yellow potions.
   389 | D:1      | 389 ||| DROPPING scroll of butterflies.
   409 | D:2      | 409 ||| STAIRDANCE
   553 | D:2      | Reached XP level 3. HP: 18/18 MP: 4/4
   736 | D:2      | Found a runed translucent door.
   737 | D:2      | Noticed Crazy Yiuf
   986 | D:2      | Reached XP level 4. HP: 22/22 MP: 5/5
  1089 | D:2      | 1089 ||| READING scroll labelled YWKIOM QEELA.
  1090 | D:2      | 1090 ||| DRINKING 2 green potions.
  1091 | D:2      | 1091 ||| DRINKING 2 ruby potions.
  1368 | D:3      | Found Plog's Assorted Antiques.
  1379 | D:3      | 1379 ||| BUYING fizzy green potion (23 gold).
  1379 | D:3      | Bought a fizzy green potion for 23 gold pieces
  1379 | D:3      | 1379 ||| BUYING potion of enlightenment (130 gold).
  1379 | D:3      | Bought a potion of enlightenment for 130 gold pieces
  1379 | D:3      | 1379 ||| SHOPLISTING scroll labelled JAHUICU PIAME (26
                  | gold, have 14).
  1379 | D:3      | 1379 ||| SHOPLISTING scroll labelled SOEMIU USTEPP (26
                  | gold, have 14).
  1385 | D:3      | Found a hazy altar of Hepliaklqana.
  1649 | D:3      | 1649 ||| UPGRADING to amulet of reflection.
  1673 | D:4      | 1673 ||| PLANNING SEWER
  1816 | D:4      | Identified the +2 robe of Midsummer {Archmagi}
  1899 | D:4      | Reached XP level 5. HP: 27/27 MP: 6/6
  1921 | D:4      | Found a glowing drain.
  1922 | D:4      | 1922 ||| UPGRADING to +2 robe of Midsummer {Archmagi}.
  1932 | D:4      | 1932 ||| DROPPING +0 robe.
  1933 | D:4      | 1933 ||| READING scroll labelled AFIEMA MOTA.
  1982 | D:4      | 1982 ||| READING scroll labelled YCIKIQEIVIL.
  2083 | D:4      | 2083 ||| DRINKING 2 sedimented pink potions.
  2084 | D:4      | 2084 ||| DROPPING potion of brilliance.
  2105 | Sewer    | Entered a sewer
  2355 | Sewer    | Reached skill level 6 in Ranged Weapons
  2355 | Sewer    | Reached XP level 6. HP: 32/32 MP: 7/7
  2600 | Sewer    | 2600 ||| READING scroll labelled CEUXTI ENGUIPN.
  2601 | Sewer    | 2601 ||| READING scroll labelled SIAFULIOST.
  2611 | D:4      | 2611 ||| PLANNING D:1-11
  2731 | D:4      | Found a sacrificial altar of Ru.
  2732 | D:4      | Found a sparkling altar of Nemelex Xobeh.
  2733 | D:4      | Found an ornate altar of the Wu Jian Council.
  2867 | D:4      | Noticed Grinder
  2876 | D:4      | Paralysed by Grinder for 2 turns
  2887 | D:4      | Killed Grinder
  2888 | D:4      | Reached XP level 7. HP: 18/35 MP: 8/8
  3059 | D:4      | 3059 ||| READING 2 scrolls labelled GYX DEWINIPRIMN.
  3060 | D:4      | 3060 ||| DROPPING scroll of noise.
  3087 | D:5      | Entered Level 5 of the Dungeon
  3315 | D:5      | Found a transporter.
  3443 | D:5      | Found a transporter.
  3741 | D:5      | HP: 7/35 [ice beast (11)]
  3742 | D:5      | 3742 ||| DRINKING 2 potions of heal wounds.
  3970 | D:5      | 3970 ||| READING scroll labelled SOEMIU USTEPP.
  3971 | D:5      | 3971 ||| READING scroll labelled JAHUICU PIAME.
  3971 | D:5      | 3971 ||| ENCHANTING +0 shortbow.
  4074 | D:6      | Noticed a gargoyle
  4082 | D:6      | HP: 3/35 [gargoyle/stone arrow (20)]
  4083 | D:6      | 4083 ||| DRINKING potion of heal wounds.
  4094 | D:6      | Slain by a gargoyle

Levels and vault maps discovered:
D:1:      dpeg_arrival_stonehenge_8_columns, layout_rooms,
          ebering_ecumenical_altar_rust, chequers_mini_garden,
          hangedman_decor_diamond_cutter
D:2:      minmay_angry_zag, layout_basic, kennysheep_doodads,
          lightli_corner_chamber, uniq_crazy_yiuf_cottage
D:3:      layout_rooms, general_overflow_altar, serial_shops, shop,
          serial_bayou, serial_bayou_pond_b, serial_bayou_pond_e,
          serial_bayou_pond_c, serial_bayou_ford_a, minmay_misc_feat_rows,
          minmay_misc_feat_columns, minmay_misc_feat_hallway
D:4:      layout_gridville, gammafunk_temple_overflow_forgotten,
          cheibrodos_sewer_entry_bend, uniq_grinder
D:5:      gammafunk_steamed_eel, layout_loops_ring, serial_bayou_pond_c,
          minivault_4, columned_hall_lemuel, minmay_misc_feat_iff,
          grunt_ministairs_15
D:6:      layout_loops_ring, mainiacjoe_overflow_cross_hatched,
          minmay_temple_entry_drinking_statues, uniq_blork_the_orc

Skill      XL: |  1  2  3  4  5  6  7 |
---------------+----------------------+-----
Dodging        | 3 4 5 7 |  7.5
Ranged Weapons | 5 6 7 |  7.9
Fighting       | 2 |  2.4
Stealth        | |  1.5

Action                     |  1- 3 |  4- 6 |  7- 9 || total
---------------------------+-------+-------+-------++-------
   Fire: Shortbow          |   123 |   184 |   124 ||   431
    Use: Scroll            |     2 |     5 |     3 ||    10
         Potion            |     1 |     3 |     2 ||     6
 Armour: Robe              |     8 |     7 |    21 ||    36
  Dodge: Dodged            |    28 |    30 |    37 ||    95
  Block: Other             |       |     3 |     9 ||    12
         Reflection        |       |     1 |       ||     1

Table legend:
 A = Non-vault XP
 B = Vault XP
 C = Vault XP percentage of total XP
 D = Non-vault monster count
 E = Vault monster count
 F = Vault count percentage of total count
                 A         B        C        D         E       F
            +---------+---------+-------+---------+---------+-------
      Total |     643 |     658 |  50.6 |      84 |      42 |  33.3
            +---------+---------+-------+---------+---------+-------
        D:1 |      32 |       0 |   0.0 |      22 |       0 |   0.0
        D:2 |      63 |      13 |  17.1 |      25 |       8 |  24.2
        D:3 |      50 |       2 |   3.8 |      15 |       1 |   6.2
        D:4 |      59 |     308 |  83.9 |       9 |       3 |  25.0
        D:5 |     393 |      25 |   6.0 |      11 |       2 |  15.4
        D:6 |      46 |       0 |   0.0 |       2 |       0 |   0.0
      Sewer |       0 |     310 | 100.0 |       0 |      28 | 100.0
            +---------+---------+-------+---------+---------+-------
